 Dungeon Crawl Stone Soup version bcrawl-1.40.3b (webtiles) character file.

Game seed: 17885060526177767173

374946 Artagas the Cleaver (level 11, -9/111 HPs)
             Began as a Naga Berserker on Nov 29, 2023.
             Was a Priest of Trog.
             Mangled by a death yak (17 damage)
             ... on level 2 of the Lair of Beasts.
             The game lasted 00:18:15 (9391 turns).

Artagas the Cleaver (Naga Berserker)                Turns: 9391, Time: 00:18:16

Health: -9/111     AC: 16    Str: 26 (28) XL:     11   Next: 46%
Magic:  14/14      EV:  9    Int:  6 (7)  God:    Trog [***...]
Gold:   235        SH:  0    Dex:  8 (11) Spells: 10/10 levels left

rFire    . . .     GDR:     24% j - +6 scythe (slice)
rCold    . . .     SeeInvis +   (shield currently unavailable)
rNeg     . . .     Gourm    .   u - +3 leather armour
rPois    +         Faith    .   B - +2 hat
rElec    .         Spirit   .   b - +0 cloak
rCorr    .         Reflect  .   (no gloves)
MR       +....                  (no barding)
Stlth    +.........             H - amulet of rage
HPRegen  1.68/turn              h - +5 ring of strength
MPRegen  0.14/turn              p - +4 ring of protection

@: very slightly contaminated, regenerating, invisible, very slow
A: large, tail, swims, see invisible, deformed body, poison resistance, slowness
2, slow metabolism 1, spit poison 1, AC +3
a: Spit Poison, Berserk, Trog's Hand, Renounce Religion, Evoke Berserk Rage


You were on level 2 of the Lair of Beasts.
You worshipped Trog.
Trog was most pleased with you.
You were not hungry.

You visited 2 branches of the dungeon, and saw 10 of its levels.

You collected 677 gold pieces.
You spent 442 gold pieces at shops.

Inventory:

Hand Weapons
 a - a +0 hand axe
 j - a +6 scythe of slicing (weapon)
   (You took it off Sigmund on level 3 of the Dungeon)
 n - a +4 short sword
   (You took it off a kobold on level 1 of the Dungeon)
 r - a +0 blowgun
   (You found it on level 2 of the Lair of Beasts)
Missiles
 i - 45 javelins
 k - 423 poisoned needles
 m - 457 poisoned tomahawks (quivered)
 t - 35 needles of frenzy {=f}
 x - 114 steel javelins
Armour
 b - a +0 cloak (worn)
   (You found it on level 7 of the Dungeon)
 u - a +3 leather armour (worn)
   (You took it off Ijyb on level 3 of the Dungeon)
 A - a +0 medium shield
   (You found it on level 6 of the Dungeon)
 B - a +2 hat (worn)
   (You found it on level 3 of the Dungeon)
Jewellery
 h - a +5 ring of strength (left hand)
   (You found it on level 8 of the Dungeon)
 l - an uncursed amulet of the gourmand
   (You found it on level 1 of the Dungeon)
 p - a +4 ring of protection (right hand)
   (You bought it in a shop on level 7 of the Dungeon)
 H - an amulet of rage (around neck)
   (You found it on level 8 of the Dungeon)
Wands
 E - a wand of flame (17)
   (You bought it in a shop on level 6 of the Dungeon)
 F - a wand of disintegration (18)
   (You bought it in a shop on level 6 of the Dungeon)
 G - a wand of polymorph (13)
   (You found it on level 7 of the Dungeon)
Scrolls
 w - 4 scrolls of remove curse
 y - a scroll of immolation
Potions
 f - a potion of lignification
 g - a potion of mutation
 o - 2 potions of brilliance
 q - a potion of curing
 s - 3 potions of agility
Comestibles
 e - 11 rations {!d}


   Skills:
 + Level 11.3 Fighting
 + Level 11.3 Axes
 + Level 4.6 Armour
 - Level 1.5 Dodging
 - Level 4.0 Shields
 - Level 4.0 Evocations


You had 10 spell levels left.
You didn't know any spells.
Your spell library was empty.

Dungeon Overview and Level Annotations

Branches:
Dungeon (8/12)             Temple (0/1) D:5            Lair (2/6) D:7
  Swamp: Lair:2-4    Shoals: Lair:2-4     Snake: Lair:2-4    Spider: Lair:2-4
    Orc: D:8-11

Altars:
Elyvilon
Kikubaaqudgha
Lugonu
Makhleb
Ru
Sif Muna
Trog
Zin
The Shining One

Shops:
D:6 }   D:7 =

Annotations:
Lair:1 2 runed translucent doors, Matut's ghost, journeyman GnCj


Innate Abilities, Weirdness & Mutations

You cannot wear boots.
You can swim through water.
Your serpentine skin is tough. (AC +3)
You have supernaturally acute eyesight. (SInv)
Armour fits poorly on your strangely shaped body.
Your system is resistant to poisons. (rPois)
You cover ground very slowly.
You have a slow metabolism.
You can spit poison.


Message History

As you read the scroll labeled TEMITI FEOHEED, it crumbles to dust.
The creatures around you are filled with an inner flame!
It was a scroll of immolation.
Okay, then.
Okay, then.
Your skin crawls, and Trog's vigour flows through you.
You feel somewhat more hungry.
The death yak gores you but does no damage.
You feel agile all of a sudden. The death yak barely misses you.
The death yak gores you!
* * * LOW HITPOINT WARNING * * *
You see here a potion of curing.
The death yak gores you!
* * * LOW HITPOINT WARNING * * *
Okay, then.
As you read the scroll labeled BOOSAM CUUSH, it crumbles to dust.
You assume a fearsome visage.
The komodo dragon looks frightened!
The death yak looks frightened!
The death yak bellows!
The death yak easily resists.
The death yak resists with almost no effort.
It was a scroll of fear.
The death yak barely misses you.
As you read the scroll labeled POSMYV QAN ROYMP, it crumbles to dust.
A profound silence engulfs you.
It was a scroll of silence.
You feel the effects of Trog's Hand fading.
The death yak misses you.
The death yak gores you but does no damage.
The death yak barely misses you. The death yak gores you!
* * * LOW HITPOINT WARNING * * *
Okay, then.
You are confused.
You feel invigorated.
Your skin stops crawling.
The death yak closely misses you.
The death yak gores you but does no damage.
The death yak completely misses you. The death yak closely misses you.
The death yak gores you!
* * * LOW HITPOINT WARNING * * *
You feel less invigorated.
You feel less confused. The death yak misses you.
The death yak's inner flame fades away.
The death yak barely misses you. The death yak gores you!
* * * LOW HITPOINT WARNING * * *
It was a potion of degeneration.
There was something very wrong with that liquid.
You feel weakened.
You feel dopey.
You feel clumsy. The death yak barely misses you.
Okay, then.
Okay, then.
It was a potion of haste.
You feel yourself speed up. The death yak misses you.
The death yak gores something!!
The death yak gores something!!
Okay, then.
Okay, then.
Okay, then.
Okay, then.
Okay, then.
You feel better.
You flicker for a moment.
Your hearing returns.
The death yak bellows!
The death yak gores you but does no damage.
Your skin crawls.
You feel quite a bit more hungry. The death yak gores you!
* * * LOW HITPOINT WARNING * * *
The death yak's inner flame fades away.
The death yak gores you!
* * * LOW HITPOINT WARNING * * *
Okay, then.
Okay, then.
Evoke which item? (* to show all) (? for menu, Esc to quit)
Okay, then.
You feel better. The death yak closely misses you.
You flicker back into view.
The komodo dragon hisses angrily.
The death yak bellows!
Okay, then.
Okay, then.
Evoke which item? (* to show all) (? for menu, Esc to quit)
Okay, then.
Okay, then.
Okay, then.
Unknown command.
Your magical effects are unravelling.
You feel magically purged.
Your magical contamination has completely faded away.
You feel yourself speed up.
You feel yourself slow down.
You feel a little less agile now.
You fade into invisibility!
The death yak gores you!
* * * LOW HITPOINT WARNING * * *
The death yak gores you but does no damage.
You are very lightly contaminated with residual magic.
The death yak closely misses you.
You feel better. The death yak barely misses you.
The death yak gores you but does no damage.
The komodo dragon bites you!
* * * LOW HITPOINT WARNING * * *
The death yak gores you!
You die...

#.......#...#####..
.#####.........##....###
.....#.........##....#
#.............#!...Y#.
#..........Y.......Y...
#............##P.##Y###
##.............#### ##
#.........Yl...#
#.....P@YY...#.#
##....P.Yl######
#....###.# ##... ###
#P/# ###


You could see 5 death yaks and 2 komodo dragons.

Vanquished Creatures
  A two-headed ogre (D:8)
  Pikel (D:6)
  A black mamba (Lair:1)
  A cane toad (Lair:1)
  2 trolls (D:8)
  A polar bear (Lair:2)
  6 hippogriffs
  Sigmund (D:3)
  11 yaks
  3 basilisks
  2 hungry ghosts (D:7)
  2 crocodiles
  2 porcupines (Lair:1)
  3 water moccasins
  An ice beast (D:8)
  3 orc warriors
  2 sky beasts (D:6)
  2 phantoms
  4 ogres
  3 wolves (Lair:1)
  4 bullfrogs
  A kobold brigand (D:8)
  A centaur (D:5)
  3 scorpions
  2 water moccasin skeletons
  3 orc priests
  2 bullfrog zombies (D:5)
  4 crimson imps
  A quasit (D:7)
  2 hounds
  2 jellies (D:6)
  3 orc wizards
  A bullfrog skeleton (D:4)
  An iguana (D:5)
  Ijyb (D:3)
  6 worker ants
  A worker ant zombie (D:7)
  9 adders
  4 gnolls (D:4)
  A howler monkey skeleton (D:4)
  2 shadow imps
  An adder skeleton (D:4)
  3 adder zombies
  A dart slug (D:1)
  4 leopard geckos
  15 orcs
  2 ball pythons (D:2)
  2 giant cockroaches
  4 hobgoblins
  11 jackals
  3 quokkas
  3 bats
  3 frilled lizards
  6 goblins
  11 kobolds
  A quokka skeleton (D:4)
  A rat (D:3)
177 creatures vanquished.

Vanquished Creatures (others)
  An adder (D:6)
  2 fungi (Lair:2)
  3 plants (Lair:2)
6 creatures vanquished.

Grand Total: 183 creatures vanquished

Notes
Turn   | Place    | Note
-------+----------+-------------------------------------------
     0 | D:1      | Artagas the Naga Berserker began the quest for the Orb.
     0 | D:1      | Reached XP level 1. HP: 21/21 MP: 1/1
   395 | D:1      | Reached XP level 2. HP: 27/28 MP: 2/2
   816 | D:2      | Reached XP level 3. HP: 25/34 MP: 3/3
  1584 | D:3      | Reached skill level 4 in Fighting
  1584 | D:3      | Reached XP level 4. HP: 44/44 MP: 4/4
  1619 | D:3      | Reached skill level 4 in Axes
  1644 | D:3      | Found a corrupted altar of Lugonu.
  1681 | D:3      | Reached ** piety under Trog
  1758 | D:3      | Noticed Sigmund
  1769 | D:3      | Killed Sigmund
  1770 | D:3      | Reached skill level 5 in Fighting
  1770 | D:3      | Reached skill level 5 in Axes
  1770 | D:3      | Reached XP level 5. HP: 52/52 MP: 5/5
  1770 | D:3      | Reached XP level 6. HP: 61/61 MP: 6/6
  1927 | D:3      | Noticed Ijyb
  2034 | D:3      | Killed Ijyb
  2658 | D:4      | Reached XP level 7. HP: 68/68 MP: 7/7
  2668 | D:4      | Reached skill level 6 in Fighting
  2668 | D:4      | Reached skill level 6 in Axes
  3272 | D:4      | Found a shimmering blue altar of Sif Muna.
  3382 | D:5      | Entered Level 5 of the Dungeon
  3396 | D:5      | Reached XP level 8. HP: 55/78 MP: 8/8
  3454 | D:5      | Reached skill level 7 in Fighting
  3454 | D:5      | Reached skill level 7 in Axes
  3572 | D:5      | Found a sacrificial altar of Ru.
  3690 | D:5      | Found a staircase to the Ecumenical Temple.
  3735 | D:5      | Noticed a hippogriff
  3745 | D:5      | Killed a hippogriff
  3746 | D:5      | Reached skill level 8 in Fighting
  3746 | D:5      | Reached skill level 8 in Axes
  3746 | D:5      | Reached skill level 2 in Armour
  3752 | D:5      | Reached *** piety under Trog
  3753 | D:5      | Found a bloodstained altar of Trog.
  4210 | D:6      | Reached skill level 3 in Armour
  4283 | D:6      | Reached XP level 9. HP: 75/88 MP: 9/9
  4412 | D:6      | Reached skill level 4 in Armour
  4537 | D:6      | Noticed Pikel
  4548 | D:6      | Killed Pikel
  4549 | D:6      | Reached skill level 2 in Shields
  4585 | D:6      | Found Mekemn's Gadget Boutique.
  4592 | D:6      | Bought a wand of flame (5) for 31 gold pieces
  4592 | D:6      | Bought a wand of disintegration (2) for 23 gold pieces
  5058 | D:6      | Got a polished leather armour
  5345 | D:7      | Reached skill level 9 in Fighting
  5345 | D:7      | Reached skill level 9 in Axes
  5345 | D:7      | Reached skill level 3 in Shields
  5526 | D:7      | Identified the cursed +1 leather armour of the Orcish Mines
                  | {Regen+} (You found it on level 6 of the Dungeon)
  5657 | D:7      | Found Seuqil's Jewellery Shoppe.
  5666 | D:7      | Bought a +4 ring of protection for 388 gold pieces
  5741 | D:7      | Reached XP level 10. HP: 80/99 MP: 10/10
  5868 | D:7      | Found a glowing silver altar of Zin.
  5871 | D:7      | Found a white marble altar of Elyvilon.
  5871 | D:7      | Found a glowing golden altar of the Shining One.
  6175 | D:7      | Found a staircase to the Lair.
  6186 | D:7      | Reached skill level 4 in Shields
  6731 | D:8      | Reached skill level 10 in Fighting
  6731 | D:8      | Reached skill level 10 in Axes
  6862 | D:8      | Noticed a two-headed ogre
  6871 | D:8      | Killed a two-headed ogre
  6872 | D:8      | Reached skill level 3 in Evocations
  7029 | D:8      | Reached skill level 4 in Evocations
  7572 | D:8      | Found a burning altar of Makhleb.
  7573 | D:8      | Found an ancient bone altar of Kikubaaqudgha.
  7669 | D:8      | Reached XP level 11. HP: 108/110 MP: 14/14
  7951 | Lair:1   | Entered Level 1 of the Lair of Beasts
  8077 | Lair:1   | Found a large runed translucent door.
  8077 | Lair:1   | Found a large runed translucent door.
  8192 | Lair:1   | Reached **** piety under Trog
  8347 | Lair:1   | Reached skill level 11 in Fighting
  8347 | Lair:1   | Reached skill level 11 in Axes
  8944 | Lair:1   | Noticed Matut's ghost (journeyman GnCj)
  9030 | Lair:2   | Noticed a death yak
  9343 | Lair:2   | Noticed a death yak
  9345 | Lair:2   | Noticed a death yak
  9347 | Lair:2   | Noticed a death yak
  9348 | Lair:2   | Noticed a death yak
  9356 | Lair:2   | HP: 19/166 [death yak (22)]
  9378 | Lair:2   | HP: 14/111 [death yak (14)]
  9383 | Lair:2   | HP: 12/111 [death yak (12)]
  9388 | Lair:2   | HP: 8/111 [death yak (15)]
  9391 | Lair:2   | Mangled by a death yak

Skill      XL: |  1  2  3  4  5  6  7  8  9 10 11 |
---------------+----------------------------------+-----
Fighting       | 4 5 6 8 9 10 11 | 11.3
Axes           | 5 6 8 9 10 11 | 11.3
Armour         | 3 4 |  4.6
Shields        | 3 4 |  4.0
Evocations     | 4 |  4.0
Dodging        | |  1.5

Action                   |  1- 3 |  4- 6 |  7- 9 | 10-12 || total
-------------------------+-------+-------+-------+-------++-------
Melee: Hand axe          |     7 |       |       |       ||     7
       Short sword       |    51 |    19 |       |       ||    70
       Scythe            |       |    27 |   179 |   197 ||   403
Throw: Tomahawk          |       |       |     2 |     1 ||     3
Invok: Berserk           |       |     3 |     4 |    15 ||    22
       Trog's Hand       |       |       |       |     5 ||     5
 Abil: Spit Poison       |     8 |     6 |     2 |     1 ||    17
  Use: Scroll            |     2 |     5 |     3 |    11 ||    21
       Potion            |       |       |       |    11 ||    11
 Stab: Sleeping          |       |       |     9 |       ||     9
  Eat: Chunk             |     1 |     6 |    20 |    29 ||    56
       Ration            |       |     1 |     1 |     2 ||     4
Armor: Animal skin       |     2 |       |       |       ||     2
       Ring mail         |    17 |    10 |       |       ||    27
       Leather armour    |       |     6 |   104 |   183 ||   293
       Skin              |       |     1 |       |       ||     1
Dodge: Dodged            |    39 |    38 |    93 |   166 ||   336

Levels and vault maps discovered:
D:1:      minmay_arrival_stone_box, layout_loops_ring, minmay_cupped
D:2:      layout_basic, chequers_serial_rivers_marsh, minmay_misc_feat_x
D:3:      cheibrodos_old_hovel, layout_basic, lemuel_crystal_altar,
          uniq_sigmund, uniq_ijyb
D:4:      layout_loops_ring, lemuel_blue_sif_altar, first_ration,
          minmay_misc_feat_square
D:5:      layout_cave_pools, minmay_temple_entry_purple_smoke, basic_altar,
          tgw_trog
D:6:      layout_basic, serial_shops, nicolae_shop_statue_plus, uniq_pikel,
          uniq_duvessa
D:7:      layout_basic, dreamdust_divine_triumvirate, david_lair_generic,
          serial_shops, nicolae_shop_crystal
D:8:      layout_basic, gammafunk_temple_overflow_pools
Lair:1:   layout_regular_city, ebering_ghost_disaster_area,
          infiniplex_staircase_pool_2
Lair:2:   layout_misc_corridors, beast_lair_carwin_9

Table legend:
 A = Turns spent in this place as a percentage of turns spent in the entire game.
 B = Non-inter-level travel turns spent in this place as a percentage of non-inter-level travel turns spent in the entire game.
 C = Inter-level travel turns spent in this place as a percentage of turns spent in this place.
 D = Turns resting spent in this place as a percentage of non-inter-level travel turns spent in this place.
 E = Turns spent auto-exploring this place as a percentage of non-inter-level travel turns spent in this place.
 F = Non-inter-level travel turns spent in this place divided by the number of levels of this place that you've seen.
                   A       B       C       D       E      F
               +-------+-------+-------+-------+-------+----------------------
         Total | 100.0 | 100.0 |   6.4 |  10.6 |  72.6 | 878.8
       Dungeon |  84.7 |  83.9 |   7.3 |   8.5 |  74.8 | 921.2
          Lair |  15.3 |  16.1 |   1.5 |  21.5 |  60.9 | 709.0
               +-------+-------+-------+-------+-------+----------------------

Table legend:
 A = Kills in this place as a percentage of kills in entire the game.
 B = Kills by you in this place as a percentage of kills by you in the entire game.
 C = Kills by friends in this place as a percentage of kills by friends in the entire game.
 D = Other kills in this place as a percentage of other kills in the entire game.
 E = Experience gained in this place as a percentage of experience gained in the entire game.
 F = Experience gained in this place divided by the number of levels of this place that you have seen.
                   A       B       C       D       E      F
               +-------+-------+-------+-------+-------+----------------------
         Total | 100.0 | 100.0 |   N/A | 100.0 | 100.0 | 1348.2
       Dungeon |  88.8 |  88.7 |   N/A | 100.0 |  69.6 | 1172.5
          Lair |  11.2 |  11.3 |   N/A |   0.0 |  30.4 | 2051.0
               +-------+-------+-------+-------+-------+----------------------
